 Dungeon Crawl Stone Soup version 0.22-a0-367-gb72a975 (webtiles) character file.

8988 wjh11 the Cleaver (level 11, -1/99 HPs)
             Began as a Minotaur Berserker on Apr 22, 2018.
             Was a High Priest of Trog.
             Succumbed to sugabear's ghost's poison
             ... on level 10 of the Dungeon.
             The game lasted 00:27:06 (9472 turns).

wjh11 the Cleaver (Minotaur Berserker)              Turns: 9472, Time: 00:27:06

Health: -1/99      AC: 11    Str: 24    XL:     11   Next: 17%
Magic:  3/3        EV: 12    Int:  4    God:    Trog [*****.]
Gold:   587        SH:  0    Dex: 11    Spells: 10/10 levels left

rFire    . . .     SeeInvis .   E - +0 battleaxe (antimagic)
rCold    . . .     Gourm    .   (shield currently unavailable)
rNeg     . . .     Faith    .   A - +0 chain mail
rPois    .         Spirit   .   (helmet restricted)
rElec    .         Reflect  .   (no cloak)
rCorr    .         Harm     .   (no gloves)
MR       .....                  (no boots)
Stlth    ..........             (no amulet)
HPRegen  0.26/turn              (no ring)
MPRegen  0.08/turn              (no ring)

@: lethally poisoned (-1 -> -26), berserk cooldown, slowed, very slow
A: retaliatory headbutt, horns 2
a: Berserk, Trog's Hand, Brothers in Arms, Renounce Religion


You were on level 10 of the Dungeon.
You worshipped Trog.
Trog was extremely pleased with you.
You were hungry.

You visited 1 branch of the dungeon, and saw 10 of its levels.
You also visited: Sewer.

You collected 587 gold pieces.

Inventory:

Hand Weapons
 a - a +0 hand axe
 t - a +1 war axe
 x - a +1 glaive of protection
 E - a +0 antimagic battleaxe (weapon)
 J - a +1 battleaxe of venom
Armour
 b - a +0 animal skin
 A - a +0 chain mail (worn)
Jewellery
 f - an uncursed amulet of regeneration {unknown}
 G - an uncursed ring of protection from magic {unknown}
Wands
 g - a wand of flame (76)
 v - a wand of digging (20)
 y - a wand of paralysis (13)
 z - a wand of clouds (2)
Scrolls
 d - 5 scrolls of teleportation
 j - 4 scrolls of fog
 k - a scroll of remove curse
 m - 9 scrolls of identify
 o - 3 scrolls of amnesia
 p - 8 scrolls of blinking
 s - 4 scrolls of immolation {unknown}
 B - a scroll of enchant armour {unknown}
 I - a scroll of magic mapping
 K - a scroll of enchant weapon
Potions
 e - a potion of invisibility {unknown}
 h - 2 potions of haste {unknown}
 i - 3 potions of agility {unknown}
 l - a potion of cancellation {unknown}
 n - 6 potions of curing
 q - 7 potions of heal wounds
 r - 4 potions of might
 u - 2 potions of magic
 w - a potion of brilliance
 D - a potion of resistance {unknown}
 F - a potion of flight {unknown}
 H - a potion of ambrosia {unknown}
Comestibles
 c - 21 rations
 C - 19 chunks of flesh


   Skills:
 + Level 10.0 Fighting
 * Level 13.2 Axes
 + Level 9.7 Armour
 + Level 8.9 Dodging


You had 10 spell levels left.
You didn't know any spells.

Dungeon Overview and Level Annotations

Branches:
Dungeon (10/15)            Temple (0/1) D:5            Lair (0/6) D:8
    Orc (0/2) D:9

Altars:
Ashenzari
Fedhas
Kikubaaqudgha
Makhleb
Ru
Sif Muna
Trog
Xom
Zin
Beogh

Shops:
D:7 }

Annotations:
D:10 sugabear's ghost, novice GnTm


Innate Abilities, Weirdness & Mutations

You reflexively headbutt those who attack you in melee.
You have a pair of horns on your head.


Message History

You carefully extract the barbed spikes from your body.
You feel sick.
Sugabear's ghost hits you but does no damage.
You are lethally poisoned!
You slash sugabear's ghost! Your headbutt misses sugabear's ghost.
Sugabear's ghost is heavily damaged.
* * * LOW HITPOINT WARNING * * *
You feel sick. Sugabear's ghost hits you.
* * * LOW HITPOINT WARNING * * *
You are more poisoned.
You miss sugabear's ghost. Your headbutt misses sugabear's ghost.
Sugabear's ghost is heavily damaged.
You are no longer berserk.
You are exhausted.
You feel yourself slow down.
* * * LOW HITPOINT WARNING * * *
You feel sick.
You slash sugabear's ghost!
Sugabear's ghost is severely damaged.
You die...

####+#####
#>.......####
#........@W.#
#.......>##......
#........# #....
+........# ...
#........# .
#........#
####'##### #.#
#.###


You could see sugabear's ghost.

Vanquished Creatures
  2 two-headed ogres
  The ghost of puissantveil the Geomancer, a novice GrEE of the Shining One (D:9)
  Pikel (D:5)
  An ugly thing (D:6)
  A manticore (D:10)
  A troll (D:9)
  3 hippogriffs
  Sigmund (D:5)
  A yak (D:10)
  Eustachio (D:5)
  A hungry ghost (D:8)
  The ghost of Firecrotchwizard the Cudgeler, an amateur GrGl (D:3)
  Duvessa (D:4)
  A slave (D:5)
  3 ice beasts
  7 orc warriors
  A black bear (D:8)
  2 necrophages
  5 ogres
  A phantom (D:6)
  4 centaurs
  A crocodile (D:10)
  4 big kobolds
  3 bullfrogs
  Dowan (D:4)
  4 killer bees (D:8)
  3 howler monkeys (D:7)
  3 wights (D:9)
  The ghost of jasper the Cudgeler, a weakling KoBe of Trog (D:5)
  2 crimson imps (D:6)
  A bullfrog zombie (D:6)
  4 jellies
  2 bullfrog skeletons (D:6)
  6 orc priests
  4 orc wizards
  6 iguanas
  11 worker ants
  A killer bee zombie (D:8)
  A hound skeleton (D:6)
  4 gnolls (D:6)
  A howler monkey skeleton (D:5)
  3 river rats
  6 adders
  2 shadow imps
  6 oozes
  An adder zombie (D:8)
  A worm (D:2)
  6 leopard geckos
  31 orcs
  2 giant cockroaches
  9 goblins
  3 hobgoblins (D:1)
  19 jackals
  19 kobolds
  2 quokkas
  15 ball pythons
  6 bats
  7 frilled lizards
  A jackal skeleton (D:4)
  A quokka skeleton (D:7)
  31 rats
  2 plants (D:3)
276 creatures vanquished.

Vanquished Creatures (others)
  A centaur (D:5)
  A leopard gecko (D:5)
2 creatures vanquished.

Grand Total: 278 creatures vanquished

Notes
Turn   | Place    | Note
-------+----------+-------------------------------------------
     0 | D:1      | wjh11 the Minotaur Berserker began the quest for the Orb.
     0 | D:1      | Reached XP level 1. HP: 19/19 MP: 0/0
    29 | D:1      | Reached XP level 2. HP: 22/27 MP: 1/1
   151 | D:1      | Reached skill level 4 in Axes
   327 | D:1      | Reached XP level 3. HP: 29/33 MP: 2/2
   788 | D:2      | Reached ** piety under Trog
   829 | D:2      | Reached XP level 4. HP: 40/40 MP: 3/3
  1238 | D:3      | Noticed Firecrotchwizard's ghost (amateur GrGl)
  1247 | D:3      | Killed Firecrotchwizard's ghost
  1247 | D:3      | Reached skill level 5 in Axes
  1247 | D:3      | Reached XP level 5. HP: 47/47 MP: 4/4
  1308 | D:3      | Noticed a necrophage
  1318 | D:3      | Killed a necrophage
  1318 | D:3      | Reached skill level 5 in Fighting
  1318 | D:3      | Reached XP level 6. HP: 56/56 MP: 5/5
  1708 | D:3      | Found a blossoming altar of Fedhas.
  1709 | D:3      | Found an ancient bone altar of Kikubaaqudgha.
  1848 | D:4      | Reached skill level 6 in Axes
  2266 | D:4      | Noticed Duvessa
  2266 | D:4      | Noticed Dowan
  2273 | D:4      | Killed Dowan
  2274 | D:4      | Killed Duvessa
  2309 | D:4      | Reached XP level 7. HP: 31/61 MP: 6/6
  2762 | D:4      | Reached skill level 7 in Axes
  2762 | D:4      | Reached skill level 5 in Armour
  2863 | D:4      | Reached *** piety under Trog
  3184 | D:5      | Entered Level 5 of the Dungeon
  3194 | D:5      | Noticed jasper's ghost (weakling KoBe)
  3202 | D:5      | Killed jasper's ghost
  3222 | D:5      | Noticed Sigmund
  3234 | D:5      | Killed Sigmund
  3234 | D:5      | Reached skill level 5 in Dodging
  3234 | D:5      | Reached XP level 8. HP: 70/70 MP: 7/7
  3371 | D:5      | Noticed Eustachio
  3373 | D:5      | Reached skill level 8 in Axes
  3386 | D:5      | Killed Eustachio
  3484 | D:5      | Noticed Pikel
  3491 | D:5      | Paralysed by Pikel for 2 turns
  3498 | D:5      | Killed Pikel
  3498 | D:5      | Reached skill level 9 in Axes
  3542 | D:5      | Found a glowing drain.
  3547 | Sewer    | Entered a sewer
  3874 | Sewer    | Reached **** piety under Trog
  3963 | Sewer    | Received a gift from Trog
  4362 | D:5      | Found a staircase to the Ecumenical Temple.
  4386 | D:5      | Reached XP level 9. HP: 65/79 MP: 8/8
  4788 | D:6      | Reached skill level 10 in Axes
  5159 | D:7      | Found Murin's Gadget Shoppe.
  5196 | D:7      | Noticed a two-headed ogre
  5208 | D:7      | Killed a two-headed ogre
  5208 | D:7      | Reached skill level 11 in Axes
  5235 | D:7      | Found a shattered altar of Ashenzari.
  5239 | D:7      | Found a sacrificial altar of Ru.
  5242 | D:7      | Found a shimmering altar of Xom.
  5250 | D:7      | Found a bloodstained altar of Trog.
  5262 | D:7      | Found a deep blue altar of Sif Muna.
  5412 | D:7      | Found a flagged portal.
  5420 | D:7      | Reached ***** piety under Trog
  5437 | D:7      | Noticed a cyan ugly thing
  5449 | D:6      | Killed a cyan ugly thing
  5449 | D:6      | Reached XP level 10. HP: 90/90 MP: 9/9
  5594 | D:7      | HP: 6/135 [shadow imp/nerve-wracking pain (11)]
  6633 | D:8      | Found a glowing silver altar of Zin.
  6643 | D:8      | Reached skill level 12 in Axes
  7060 | D:8      | Found a staircase to the Lair.
  7703 | D:9      | Found a burning altar of Makhleb.
  7844 | D:9      | Received a gift from Trog
  8469 | D:9      | Noticed puissantveil's ghost (novice GrEE)
  8481 | D:9      | Killed puissantveil's ghost
  8762 | D:9      | Found a staircase to the Orcish Mines.
  8867 | D:9      | Found a roughly hewn altar of Beogh.
  9280 | D:10     | Entered Level 10 of the Dungeon
  9327 | D:10     | Reached XP level 11. HP: 77/99 MP: 3/10
  9348 | D:10     | Noticed a two-headed ogre
  9355 | D:10     | Killed a two-headed ogre
  9355 | D:10     | Reached skill level 13 in Axes
  9433 | D:10     | Reached skill level 10 in Fighting
  9457 | D:10     | Noticed sugabear's ghost (novice GnTm)
  9470 | D:10     | HP: 6/148 [sugabear's ghost (3)]
  9471 | D:10     | HP: 2/99 [poisoned by sugabear's ghost]
  9472 | D:10     | Succumbed to sugabear's ghost's poison

Vault maps used:
D:1:      sevenhm_arrival_forest_fort_small_4
D:3:      grunt_temple_overflow_growth_and_decay
D:4:      first_ration, serial_corexii_hall, corexii_hall_statues_s,
          corexii_hall_statues_x, uniq_duvessa
D:5:      minmay_temple_entry_overgrown, gup_sewer_entry_bowl, uniq_sigmund,
          uniq_eustachio, uniq_pikel
D:6:      nicolae_overflow_hidden_temple, minmay_fountain_box,
          kennysheep_cross_room
D:7:      minmay_overflow_temple_star_hex, serial_shops, kennysheep_mini,
          enter_bailey_2
D:8:      old_standard_altar, lair_entry_dummy, blue_anna_alchemist,
          hangedman_decor_clover_reticule
D:9:      bloody_makhleb, minmay_orc_entry_temple_small
D:10:     kennysheep_small_square
Sewer:    sewer_minmay_w

Skill      XL: |  1  2  3  4  5  6  7  8  9 10 11 |
---------------+----------------------------------+-----
Axes           | 4 5 6 7 9 11 12 13 | 13.2
Fighting       | 4 5 6 7 8 9 10 | 10.0
Armour         | 3 4 5 6 8 9 |  9.7
Dodging        | 3 4 5 6 7 8 |  8.9

Action                   |  1- 3 |  4- 6 |  7- 9 | 10-12 || total
-------------------------+-------+-------+-------+-------++-------
Melee: Hand axe          |    65 |    95 |       |       ||   160
       Headbutt          |     7 |    28 |    36 |    57 ||   128
       War axe           |       |    15 |   275 |   154 ||   444
       Battleaxe         |       |       |       |    82 ||    82
Invok: Berserk           |     1 |     3 |     5 |     4 ||    13
  Use: Scroll            |       |       |     9 |     2 ||    11
       Potion            |       |       |     5 |     1 ||     6
  Eat: Chunk             |       |     5 |    14 |    16 ||    35
       Ration            |       |     1 |       |     1 ||     2
Armor: Animal skin       |    13 |     5 |    26 |       ||    44
       Chain mail        |       |       |    44 |   113 ||   157
Dodge: Dodged            |    45 |    34 |   193 |   153 ||   425

Table legend:
 A = Spawn XP
 B = Non-spawn XP
 C = Spawn XP percentage of total XP
 D = Spawn monster count
 E = Non-spawn monster count
 F = Spawn count percentage of total count
 G = Total turns spent on level
                    A         B        C        D         E        F      G
               +---------+---------+-------+---------+---------+-------+---------
         Total |       0 |   12841 |   0.0 |       0 |     274 |   0.0 |  9472
               +---------+---------+-------+---------+---------+-------+---------
           D:1 |       0 |      51 |   0.0 |       0 |      24 |   0.0 |   634
           D:2 |       0 |     106 |   0.0 |       0 |      20 |   0.0 |   571
           D:3 |       0 |     295 |   0.0 |       0 |       6 |   0.0 |   612
           D:4 |       0 |     710 |   0.0 |       0 |      31 |   0.0 |  1367
           D:5 |       0 |    1474 |   0.0 |       0 |      16 |   0.0 |   663
           D:6 |       0 |    1755 |   0.0 |       0 |      26 |   0.0 |   630
           D:7 |       0 |    2198 |   0.0 |       0 |      28 |   0.0 |  1253
           D:8 |       0 |    1282 |   0.0 |       0 |      29 |   0.0 |   755
           D:9 |       0 |    2483 |   0.0 |       0 |      33 |   0.0 |  2050
          D:10 |       0 |    2191 |   0.0 |       0 |      13 |   0.0 |   192
         Sewer |       0 |     296 |   0.0 |       0 |      48 |   0.0 |   745
               +---------+---------+-------+---------+---------+-------+---------
